 Dungeon Crawl Stone Soup version 0.24.0-37-gcf1ca852f1 (webtiles) character file.

Game seed: 13432749231192923172, levelgen mode: deterministic

170 kalerat the Chopper (level 5, -5/47 HPs)
             Began as a Minotaur Berserker on Nov 27, 2019.
             Was a Priest of Trog.
             Shot with an arrow by a centaur (9 damage)
             ... on level 5 of the Dungeon.
             The game lasted 00:14:29 (3355 turns).

kalerat the Chopper (Minotaur Berserker)            Turns: 3355, Time: 00:14:30

Health: -5/47      AC:  4    Str: 26    XL:     5   Next: 25%
Magic:  4/4        EV: 12    Int:  7    God:    Trog [***...]
Gold:   89         SH:  0    Dex: 11    Spells: 4/4 levels left

rFire    . . .     SeeInvis .   k - +0 hand axe
rCold    . . .     Gourm    .   (no shield)
rNeg     . . .     Faith    .   o - -2 ring mail
rPois    .         Spirit   .   m - +0 hat {Int+3}
rElec    .         Reflect  .   (no cloak)
rCorr    .         Harm     .   (no gloves)
MR       ++...                  n - +0 pair of boots
Stlth    ..........             g - amulet of magic regeneration
HPRegen  1.15/turn              q - ring of attention (curse)
MPRegen  0.34/turn              (no ring)

@: mighty, starving, regenerating
A: retaliatory headbutt, horns 2
a: Berserk, Trog's Hand, Renounce Religion


You were on level 5 of the Dungeon.
You worshipped Trog.
Trog was most pleased with you.
You were starving.

You visited 1 branch of the dungeon, and saw 4 of its levels.
You also visited: Sewer.

You collected 89 gold pieces.

Inventory:

Hand Weapons
 a - a +0 hand axe
 f - a +0 club
 j - a +0 spear
 k - a +0 hand axe (weapon)
 u - a cursed -1 falchion
Armour
 b - a +0 animal skin
 l - a +0 leather armour
 m - a +0 hat of intelligence (worn)
 n - a +0 pair of boots (worn)
 o - a -2 ring mail (worn)
Jewellery
 g - an amulet of magic regeneration (around neck)
 q - a cursed ring of attention (left hand)
Scrolls
 d - 3 scrolls of remove curse
 e - 2 scrolls of enchant weapon {unknown}
 p - a scroll of identify {unknown}
 t - a scroll of enchant armour {unknown}
 x - a scroll of fog {unknown}
 y - a scroll of fear {unknown}
Potions
 h - a potion of curing {unknown}
 i - 3 potions of might
 r - a potion of mutation {unknown}
 v - a potion of magic {unknown}
 w - 2 potions of haste {unknown}
 z - a potion of heal wounds {unknown}
Comestibles
 c - 3 rations


   Skills:
 + Level 4.6 Fighting
 * Level 5.3 Axes
 + Level 3.6 Armour
 + Level 3.2 Dodging


You had 4 spell levels left.
You didn't know any spells.
Your spell library was empty.

Dungeon Overview and Level Annotations

Branches:
Dungeon (3/15)              Sewer (visited)

Altars:
Dithmenos
Makhleb
Yredelemnul


Innate Abilities, Weirdness & Mutations

You reflexively headbutt those who attack you in melee.
You have a pair of horns on your head.


Message History

* * * LOW HITPOINT WARNING * * *
It was a potion of might.
You feel very mighty all of a sudden. The centaur closely misses you.
Okay, then.
Your skin crawls.
You feel resistant to hostile enchantments.
You are starving!
The centaur barely misses you. The centaur hits you.
* * * LOW HITPOINT WARNING * * *
The centaur wields a +0 shortbow.
The centaur shoots an arrow.
The arrow barely misses you.
You hear a splash.
You see here an arrow.
The centaur shoots an arrow.
The arrow hits you but does no damage.
The centaur shoots an arrow.
The arrow hits you.
* * * LOW HITPOINT WARNING * * *
You see here an arrow.
The centaur shoots an arrow.
The arrow hits you!
You die...

#^.....# .##......#
........# #......#
#......# #....c.#
############## #.#
#............# #(##
#.......#.....
#(@#########.#.....
#(.≈≈.≈≈≈.≈###.....
##≈≈≈≈≈≈≈≈≈≈##.....
#########..##.....
##≈≈≈≈≈≈..##.....
##≈.≈...≈≈###.....
#..≈≈≈≈≈≈## #.....
#..###########....
#..≈≈≈≈≈≈≈.###....


You could see a centaur.

Vanquished Creatures
  8 adders
  3 dart slugs
  5 leopard geckos
  An orc (D:3)
  5 giant cockroaches (D:5)
  9 hobgoblins
  5 jackals (Sewer)
  14 kobolds
  A quokka (D:2)
  5 ball pythons
  6 bats
  7 frilled lizards
  9 goblins
  A leopard gecko skeleton (D:5)
  8 rats
  5 plants (Sewer)
92 creatures vanquished.

Vanquished Creatures (others)
  A frilled lizard (D:3)
1 creature vanquished.

Grand Total: 93 creatures vanquished

Notes
Turn   | Place    | Note
-------+----------+-------------------------------------------
     0 | D:1      | kalerat the Minotaur Berserker began the quest for the Orb.
     0 | D:1      | Reached XP level 1. HP: 19/19 MP: 0/0
    10 | D:1      | Noticed an electric eel
   537 | D:1      | Reached XP level 2. HP: 24/27 MP: 1/1
   696 | D:1      | Reached skill level 4 in Axes
  1182 | D:2      | Reached XP level 3. HP: 33/33 MP: 2/2
  1442 | D:2      | Reached ** piety under Trog
  1515 | D:2      | Reached XP level 4. HP: 40/40 MP: 3/3
  1622 | D:2      | Found a basalt altar of Yredelemnul.
  1724 | D:2      | Found a burning altar of Makhleb.
  1814 | D:2      | Found a shadowy altar of Dithmenos.
  2237 | D:3      | Reached skill level 5 in Axes
  2277 | D:3      | You fall into a shaft and drop 2 floors!
  2277 | D:5      | Entered Level 5 of the Dungeon
  2307 | D:5      | Reached *** piety under Trog
  2320 | D:5      | Found a glowing drain.
  2346 | Sewer    | Entered a sewer
  2355 | Sewer    | Reached XP level 5. HP: 45/47 MP: 4/4
  3347 | D:5      | Noticed a centaur
  3355 | D:5      | Shot with an arrow by a centaur

Levels and vault maps discovered:
D:1:      arrival_aquarium_a, layout_loops_ring, solitary_fountain, hex_tiny
D:2:      layout_loops_ring, marbit_many_paths, lemuel_doored_altar,
          dk_noncrumbling_3, nicolae_dithmenos_through_a_glass_darkly
D:3:      layout_basic, fiery_altar_vehumet, first_ration
D:5:      layout_basic, old_standard_altar, gup_sewer_entry_pipe,
          kennysheep_generic_room_8, uniq_prince_ribbit1

Skill      XL: |  1  2  3  4 |
---------------+-------------+-----
Axes           | 4 5 |  5.3
Fighting       | 4 |  4.6
Armour         | 3 |  3.6
Dodging        | 3 |  3.2

Action                   |  1- 3 |  4- 6 || total
-------------------------+-------+-------++-------
Melee: Hand axe          |    60 |   339 ||   399
       Headbutt          |    10 |    78 ||    88
Invok: Berserk           |       |     1 ||     1
       Trog's Hand       |       |     1 ||     1
  Use: Scroll            |       |     1 ||     1
       Potion            |       |     1 ||     1
  Eat: Chunk             |     2 |     6 ||     8
Armor: Animal skin       |     3 |       ||     3
       Ring mail         |    10 |    38 ||    48
Dodge: Dodged            |    35 |    86 ||   121
